 Dungeon Crawl Stone Soup version 0.20-a0-1017-gc3250ce (webtiles) character file.

37 4thArraOfDagon the Firebug (level 3, -2/24 HPs)
             Began as a Barachi Fire Elementalist on Apr 16, 2017.
             Slain by an orc priest
             ... wielding a +0 short sword
              (4 damage)
             ... on level 3 of the Dungeon.
             The game lasted 00:02:05 (443 turns).

4thArraOfDagon the Firebug (BaFE)                    Turns: 443, Time: 00:02:06

Health: -2/24      AC:  2    Str:  9    XL:     3   Next: 41%
Magic:  0/6        EV: 12    Int: 16    God:
Gold:   54         SH:  0    Dex: 12    Spells: 3/7 levels left

rFire    + . .     SeeInvis .   e - +0 flail
rCold    + . .     Gourm    .   (no shield)
rNeg     . . .     Faith    .   a - +0 robe
rPois    +         Spirit   .   (no helmet)
rElec    +         Reflect  .   (no cloak)
rCorr    +         Harm     .   (no gloves)
MR       .....                  (no boots)
Stlth    ++........             (no amulet)
Regen    0.1/turn               (no ring)
MPRegen  0.1/turn               (no ring)

@: resistant, very slightly contaminated, slow
A: +LOS, swims, slowness 1, strong legs 1
a: Hop


You were on level 3 of the Dungeon.
You were not hungry.

You visited 1 branch of the dungeon, and saw 3 of its levels.

You collected 54 gold pieces.

Inventory:

Hand Weapons
 e - a +0 flail (weapon)
Armour
 a - a +0 robe (worn)
Scrolls
 d - 2 scrolls of teleportation {unknown}
 f - a scroll of enchant armour {unknown}
 h - 3 scrolls of remove curse {unknown}
 i - a scroll of identify {unknown}
Books
 b - a book of Flames

   Spells                             Type                      Level
   a - Flame Tongue                   Conjuration/Fire             1
   b - Throw Flame                    Conjuration/Fire             2
   c - Conjure Flame                  Conjuration/Fire             3
   d - Inner Flame                    Hexes/Fire                   3
   e - Sticky Flame                   Conjuration/Fire             4
   f - Fireball                       Conjuration/Fire             5
Comestibles
 c - 2 bread rations
 g - a fruit
 k - a royal jelly


   Skills:
 - Level 2.1 Dodging
 - Level 1.7 Stealth
 + Level 2.5 Spellcasting
 * Level 2.2 Conjurations
 * Level 4.0 Fire Magic


You had 3 spell levels left.
You knew the following spells:

 Your Spells              Type           Power        Failure   Level  Hunger
a - Flame Tongue          Conj/Fire      ##...        8%          1    #......
b - Conjure Flame         Conj/Fire      ##......     17%         3    ###....


Dungeon Overview and Level Annotations

Branches:
Dungeon (3/15)

Altars:
Hepliaklqana


Innate Abilities, Weirdness & Mutations

Shadows flee at your approach. (+LOS)
You can swim through water.
You cover ground slowly.
You can hop short distances.


Message History

The orc priest is heavily wounded.
The orc priest hits you with a short sword. x2
You hit the orc priest.
The orc priest is heavily wounded.
The orc priest hits you with a short sword.
You hit the orc priest but do no damage.
The orc priest is heavily wounded.
The orc priest hits you with a short sword.
The orc priest calls down the wrath of Beogh upon you.
Pain shoots through your body!
Ouch! That really hurt!
* * * LOW HITPOINT WARNING * * *
You closely miss the orc priest.
The orc priest is heavily wounded.
The orc priest misses you.
Unknown command.
You barely miss the orc priest.
The orc priest is heavily wounded.
The orc priest hits you with a short sword.
You die...

# . ##### #. #...
####.###############.####
............#.o@.)......#
###.##.#........####.##.#
# #.........#.#)..#
#.##.##.#
#.#.#.......#####
#.......# #.#.##.##...#
####.#### #.#......o..#
#.# #.##.......># ###.#
#.##.#####.## ###...##
##.##.# #.# #......#


You could see an orc priest.

Vanquished Creatures
  2 adders (D:3)
  A dart slug (D:2)
  4 orcs (D:3)
  4 hobgoblins
  A frilled lizard (D:2)
  A kobold (D:3)
  A rat (D:1)
14 creatures vanquished.

Notes
Turn   | Place    | Note
-------+----------+-------------------------------------------
     0 | D:1      | 4thArraOfDagon the Barachi Fire Elementalist began the quest for the Orb.
     0 | D:1      | Reached XP level 1. HP: 13/13 MP: 3/3
    44 | D:2      | Found a hazy altar of Hepliaklqana.
   214 | D:2      | Reached XP level 2. HP: 19/19 MP: 0/5
   343 | D:3      | Reached skill level 4 in Fire Magic
   343 | D:3      | Reached XP level 3. HP: 24/24 MP: 2/6
   348 | D:3      | Learned a level 3 spell: Conjure Flame
   441 | D:3      | HP: 1/24 [orc priest/nerve-wracking pain (12)]
   443 | D:3      | Slain by an orc priest

Vault maps used:
D:1:      onia_arrival_larder
D:2:      lemuel_crystal_altar
D:3:      nicolae_tso_swordbearing_angel, first_bread, portal_sewer_entry_e,
          uniq_robin

Skill      XL: |  1  2 |
---------------+-------+-----
Conjurations   | 2 |  2.2
Fire Magic     | 4 |  4.0
Dodging        | |  2.1
Stealth        | |  1.7
Spellcasting   | |  2.5

Action                   || total
-------------------------++-------
Melee: Unarmed           ||     3
       Flail             ||    11
 Cast: Flame Tongue      ||    25
  Use: Potion            ||     1
Armor: Robe              ||     1
Dodge: Dodged            ||    12
